 Dungeon Crawl Stone Soup version 0.24-a0-459-g225fefd530 (webtiles) character file.

Game seed: 13526552508345473620

3808 Peloso the Carver (level 9, -5/79 HPs)
             Began as a Minotaur Fighter on June 28, 2019.
             Was a Believer of Okawaru.
             Killed from afar by a steam dragon (21 damage)
             ... with a ball of steam
             ... on level 8 of the Dungeon.
             The game lasted 00:17:14 (9224 turns).

Peloso the Carver (Minotaur Fighter)                Turns: 9224, Time: 00:17:15

Health: -5/79      AC: 14    Str: 22    XL:     9   Next: 96%
Magic:  8/8        EV:  3    Int:  5    God:    Okawaru [**....]
Gold:   410        SH: 13    Dex: 12    Spells: 8/8 levels left

rFire    . . .     SeeInvis .   a - +1 long sword
rCold    . . .     Gourm    .   c - +1 shield
rNeg     . . .     Faith    .   s - +0 plate armour
rPois    +         Spirit   .   (helmet restricted)
rElec    .         Reflect  .   (no cloak)
rCorr    .         Harm     .   (no gloves)
MR       .....                  (no boots)
Stlth    ..........             (no amulet)
HPRegen  0.23/turn              B - ring of poison resistance
MPRegen  0.11/turn              z - -3 ring of evasion (curse)

@: no status effects
A: retaliatory headbutt, horns 2
a: Heroism, Renounce Religion


You were on level 8 of the Dungeon.
You worshipped Okawaru.
Okawaru was pleased with you.
You were hungry.

You visited 2 branches of the dungeon, and saw 10 of its levels.
You also visited: Sewer.

You collected 410 gold pieces.

Inventory:

Hand Weapons
 a - a +1 long sword (weapon)
 H - a +0 falchion
Missiles
 h - 22 poisoned darts
 x - 5 atropa-tipped darts (quivered)
 F - 4 curare-tipped darts
Armour
 b - a +0 scale mail
 c - a +1 shield (worn)
 s - a +0 plate armour (worn)
Jewellery
 d - an uncursed ring of magical power
 v - an uncursed ring of wizardry
 z - a cursed -3 ring of evasion (right hand)
 B - a ring of poison resistance (left hand)
Wands
 u - a wand of flame (24)
 y - a wand of iceblast (11)
 A - a wand of enslavement (8)
 C - a wand of paralysis (7)
 G - a wand of polymorph (5)
Scrolls
 e - a scroll of identify
 g - a scroll of amnesia
 l - 2 scrolls of enchant weapon
 m - a scroll of teleportation
 o - a scroll of blinking
 p - a scroll of remove curse
 D - 3 scrolls of enchant armour
 E - a scroll of acquirement {unknown}
Potions
 i - a potion of haste
 j - a potion of ambrosia {unknown}
 k - 2 potions of flight {unknown}
 n - 5 potions of curing
 q - 3 potions of heal wounds {unknown}
 r - a potion of magic
 t - 2 potions of resistance {unknown}
 w - 3 potions of lignification {unknown}
 I - a potion of mutation {unknown}
Comestibles
 f - 12 rations


   Skills:
 + Level 7.1 Fighting
 + Level 10.6 Long Blades
 + Level 8.8 Armour
 + Level 2.4 Dodging
 + Level 0.5 Stealth
 + Level 9.2 Shields


You had 8 spell levels left.
You didn't know any spells.
Your spell library was empty.

Dungeon Overview and Level Annotations

Branches:
Dungeon (9/15)             Temple (1/1) D:7             Orc (0/2) D:9
   Lair: D:8-11

Altars:
Ashenzari
Elyvilon
Fedhas
Gozag
Kikubaaqudgha
Makhleb
Nemelex Xobeh
Okawaru
Qazlal
Ru
Trog
Vehumet
Wu Jian
Yredelemnul
Zin
The Shining One

Shops:
D:2 *


Innate Abilities, Weirdness & Mutations

You reflexively headbutt those who attack you in melee.
You have a pair of horns on your head.


Message History

You hit the steam dragon. You headbutt the steam dragon!
The steam dragon is heavily wounded.
You block the steam dragon's attack.
The steam dragon claws you but does no damage.
You hit the steam dragon but do no damage.
The steam dragon is heavily wounded.
The steam dragon bites you but does no damage.
The steam dragon claws you but does no damage.
You hit the steam dragon but do no damage.
Your headbutt misses the steam dragon.
The steam dragon is heavily wounded.
The steam dragon breathes steam at you. The ball of steam hits you!
* * * LOW HITPOINT WARNING * * *
You hit the steam dragon.
The steam dragon is heavily wounded.
You are engulfed in a cloud of scalding steam.
The steam dragon breathes steam at you. The ball of steam hits you!!
You die...

#<###.........
#.###.........
######.##..........
#########......##..........
#.........#######..........
#..............<.......>...
#........###..###..........
#........##D...............
####......@######..[.......
###.###.####....).......
#...###......#..[.......
#.###....####..<........
#.###.#..####...####....
###.##..##..............##
#......###..............#
#....### #..............#
#....# #...>..........#


You could see a steam dragon.

Vanquished Creatures
  3 hornets (D:8)
  A soldier ant (D:8)
  An orc warrior (D:7)
  2 ice beasts
  7 ogres
  2 centaurs (D:5)
  4 phantoms
  A big kobold (Sewer)
  3 bullfrogs
  3 scorpions
  A water moccasin skeleton (D:8)
  A wight (D:7)
  2 howler monkeys
  A crimson imp (D:6)
  A lava snake (D:7)
  A jelly (D:5)
  A centaur zombie (D:5)
  5 hounds
  3 orc priests
  2 centaur skeletons (D:7)
  8 orc wizards
  2 iguanas
  6 worker ants
  A howler monkey zombie (D:6)
  A worker ant zombie (D:9)
  6 gnolls
  A river rat (Sewer)
  14 adders
  3 oozes
  3 worms
  A dart slug (D:1)
  4 leopard geckos
  18 orcs
  5 bats
  10 giant cockroaches
  3 goblins (D:2)
  7 hobgoblins
  10 jackals
  14 kobolds
  2 quokkas
  9 frilled lizards
  A leopard gecko skeleton (D:6)
  8 rats
182 creatures vanquished.

Vanquished Creatures (others)
  A hobgoblin (D:3)
1 creature vanquished.

Grand Total: 183 creatures vanquished

Notes
Turn   | Place    | Note
-------+----------+-------------------------------------------
     0 | D:1      | Peloso the Minotaur Fighter began the quest for the Orb.
     0 | D:1      | Reached XP level 1. HP: 19/19 MP: 0/0
   145 | D:1      | Reached XP level 2. HP: 24/27 MP: 1/1
   709 | D:1      | Reached XP level 3. HP: 33/33 MP: 2/2
   853 | D:2      | Found an opulent altar of Gozag.
   854 | D:2      | Found Gozag's Platinum Reserve.
   980 | D:2      | Reached skill level 3 in Long Blades
  1562 | D:2      | Reached XP level 4. HP: 31/40 MP: 3/3
  1721 | D:2      | Found an ornate altar of the Wu Jian Council.
  2014 | D:3      | Found a basalt altar of Yredelemnul.
  2363 | D:3      | Reached XP level 5. HP: 47/47 MP: 4/4
  2391 | D:3      | Found a shattered altar of Ashenzari.
  2453 | D:3      | Found a stormy altar of Qazlal.
  2453 | D:3      | Found a radiant altar of Vehumet.
  2453 | D:3      | Found a white marble altar of Elyvilon.
  2529 | D:3      | Found a glowing golden altar of the Shining One.
  2552 | D:3      | Reached skill level 4 in Long Blades
  2646 | D:3      | Noticed an angel
  2864 | D:4      | Noticed an ogre
  2876 | D:4      | HP: 1/47 [ogre/+0 giant spiked club (21)]
  3184 | D:4      | Killed an ogre
  3184 | D:4      | Reached skill level 5 in Armour
  3184 | D:4      | Reached skill level 5 in Shields
  3229 | D:4      | Noticed an ogre
  3239 | D:4      | Killed an ogre
  3239 | D:4      | Reached skill level 1 in Dodging
  3239 | D:4      | Reached XP level 6. HP: 31/53 MP: 5/5
  3280 | D:4      | Reached skill level 5 in Long Blades
  3381 | D:4      | Found an ancient bone altar of Kikubaaqudgha.
  3660 | D:5      | Entered Level 5 of the Dungeon
  3912 | D:5      | Reached XP level 7. HP: 60/60 MP: 6/6
  4129 | D:5      | Reached skill level 5 in Fighting
  4129 | D:5      | Reached skill level 6 in Long Blades
  4698 | D:5      | Reached skill level 7 in Long Blades
  4703 | D:5      | Reached XP level 8. HP: 21/69 MP: 7/7
  5145 | D:6      | Found a glowing drain.
  5167 | Sewer    | Entered a sewer
  5342 | Sewer    | Found a white marble altar of Elyvilon.
  5708 | D:6      | Reached skill level 8 in Long Blades
  6560 | D:7      | Found a staircase to the Ecumenical Temple.
  6574 | Temple   | Entered the Ecumenical Temple
  6592 | Temple   | Became a worshipper of Warmaster Okawaru
  6614 | D:7      | Reached XP level 9. HP: 67/75 MP: 8/8
  6803 | D:7      | Reached skill level 9 in Long Blades
  7821 | D:7      | Reached * piety under Okawaru
  7983 | D:8      | Reached skill level 10 in Long Blades
  8420 | D:7      | Reached ** piety under Okawaru
  9094 | D:9      | Found a staircase to the Orcish Mines.
  9224 | D:8      | Killed from afar by a steam dragon

Levels and vault maps discovered:
D:1:      dpeg_arrival_concentric_ovals, layout_basic
D:2:      layout_basic, nicolae_gozag_zags_fifth_avenue,
          nicolae_overflow_hidden_temple, first_ration
D:3:      layout_rooms, gammafunk_temple_overflow_claw,
          grunt_temple_overflow_holy_war, ashenzari_altar_1
D:4:      layout_loops_ring, lemuel_round_altar
D:5:      layout_layer_cave
D:6:      layout_loops_cross, gup_sewer_entry_glass, st_stairs_8
D:7:      layout_loops_ring, minmay_temple_entry_waves, nrook_mini_backslash,
          kennysheep_generic_room_2
D:8:      layout_rooms, hangedman_pestilent_swarm
D:9:      layout_loops_cross, orc_0_dummy, elyvilon_altar_3
Temple:   dshaligram_water_room_temple

Skill      XL: |  1  2  3  4  5  6  7  8  9 |
---------------+----------------------------+-----
Fighting       | 4 5 6 7 |  7.1
Shields        | 4 5 6 8 9 |  9.2
Armour         | 4 5 6 7 8 |  8.8
Long Blades    | 3 4 5 7 8 10 | 10.6
Dodging        | 1 2 |  2.4
Stealth        | |  0.5

Action                   |  1- 3 |  4- 6 |  7- 9 || total
-------------------------+-------+-------+-------++-------
Melee: Long sword        |   102 |   103 |   466 ||   671
       Headbutt          |    12 |    23 |    90 ||   125
  Use: Potion            |       |     1 |     1 ||     2
       Scroll            |       |     6 |     7 ||    13
  Eat: Chunk             |     2 |     7 |    14 ||    23
       Ration            |       |       |     1 ||     1
Armor: Scale mail        |    39 |    13 |       ||    52
       Plate armour      |       |    36 |   216 ||   252
Dodge: Dodged            |    29 |    18 |    65 ||   112
Block: Shield            |    47 |    41 |   263 ||   351
       Rpst.: Long sword |     8 |     6 |    16 ||    30

Table legend:
 A = Non-vault XP
 B = Vault XP
 C = Vault XP percentage of total XP
 D = Non-vault monster count
 E = Vault monster count
 F = Vault count percentage of total count
                 A         B        C        D         E       F
            +---------+---------+-------+---------+---------+-------
      Total |    4085 |    1356 |  24.9 |     161 |      21 |  11.5
            +---------+---------+-------+---------+---------+-------
        D:1 |      43 |       0 |   0.0 |      19 |       0 |   0.0
        D:2 |     107 |       0 |   0.0 |      19 |       0 |   0.0
        D:3 |      61 |       0 |   0.0 |      17 |       0 |   0.0
        D:4 |     419 |       0 |   0.0 |      15 |       0 |   0.0
        D:5 |     802 |       0 |   0.0 |      20 |       0 |   0.0
        D:6 |     747 |     145 |  16.3 |      21 |       7 |  25.0
        D:7 |    1208 |      77 |   6.0 |      22 |       2 |   8.3
        D:8 |     448 |    1013 |  69.3 |      24 |       4 |  14.3
        D:9 |     250 |       0 |   0.0 |       4 |       0 |   0.0
      Sewer |       0 |     121 | 100.0 |       0 |       8 | 100.0
            +---------+---------+-------+---------+---------+-------
